 Dungeon Crawl Stone Soup version 0.19.5 (webtiles) character file.

93 MirrMurr the Slasher (level 4, -4/34 HPs)
             Began as a Demonspawn Gladiator on Mar 22, 2017.
             Slain by a gnoll
             ... wielding a +0 flail
              (7 damage)
             ... on level 2 of the Dungeon.
             The game lasted 00:07:33 (2547 turns).

MirrMurr the Slasher (Demonspawn Gladiator)         Turns: 2547, Time: 00:07:34

Health: -4/34      AC:  7    Str: 14 (16) XL:     4   Next: 36%
Magic:  0/4        EV: 10    Int:  8 (10) God:
Gold:   101        SH:  0    Dex: 11 (13) Spells: 0 memorised, 3 levels left

rFire  + . .     SeeInvis .     a - +0 long sword
rCold  . . .     Gourm    .     k - +0 scale mail
rNeg   + . .     Faith    .     (no shield)
rPois  .         Spirit   +     c - +0 helmet
rElec  .         Reflect  .     (no cloak)
rCorr  .         Harm     .     (no gloves)
MR     .....                    (no boots)
Stlth  ..........               (no amulet)
                                (no ring)
                                n - ring of positive energy

@: no status effects
A: fire resistance 1, magic shield
a: no special abilities


You were on level 2 of the Dungeon.
You were very hungry.

You visited 1 branch of the dungeon, and saw 2 of its levels.

You collected 101 gold pieces.

Inventory:

Hand Weapons
 a - a +0 long sword (weapon)
Missiles
 d - a throwing net
 g - 105 stones (quivered)
Armour
 c - a +0 helmet (worn)
 k - a +0 scale mail (worn)
Jewellery
 n - a ring of positive energy (left hand)
Wands
 i - a wand of random effects (25/48)
Scrolls
 b - a scroll of recharging {unknown}
 e - a scroll of fog {unknown}
 r - a scroll of remove curse
Comestibles
 f - 5 bread rations
 h - a meat ration
 j - a beef jerky


   Skills:
 + Level 2.9 Fighting
 * Level 3.8 Long Blades
 - Level 1.7 Throwing
 + Level 3.2 Dodging


You had 3 spell levels left.
You didn't know any spells.

Dungeon Overview and Level Annotations

Branches:
Dungeon (2/15)

Altars:


Innate Abilities, Weirdness & Mutations

Your flesh is heat resistant. (rF+)
When hurt, damage is shared between your health and your magic reserves.


Message History

The gnoll hits you with a flail!
You barely miss the gnoll. The gnoll hits you but does no damage.
You hit the gnoll but do no damage. The gnoll closely misses you.
You riposte.
You completely miss the gnoll. You closely miss the gnoll.
The gnoll hits you with a flail!
* * * LOW HITPOINT WARNING * * *
You are too injured to fight recklessly!
You are too injured to fight recklessly!
You are too injured to fight recklessly!
You hit the gnoll.
The gnoll is moderately wounded.
The gnoll hits you with a flail!
* * * LOW HITPOINT WARNING * * *
You hit the gnoll.
The gnoll is moderately wounded.
The gnoll barely misses you.
You hit the gnoll but do no damage.
The gnoll is moderately wounded.
The gnoll hits you with a flail!
You die...

#..............)......#####
#...........###[......≈.g.g
#...........# #....(..≈≈...
#...........###.g....≈§§...
#...........##.......≈§≈≈≈≈
#...........##.g....≈≈≈≈≈≈≈
##########......≈≈≈≈≈≈§§≈≈≈
#g####≈≈≈§§≈≈§§≈≈≈
#@####≈≈§§§≈≈§§§≈≈
#>)....≈≈≈§≈≈≈§≈≈≈
#####....§§≈≈≈≈≈≈.
#....§§.≈≈≈≈≈≈
#.....§..≈≈≈≈≈
#...≈§....≈≈≈≈
#..≈≈§.....≈≈≈
#..≈≈......$≈≈
#.....########


You could see a gnoll.

Vanquished Creatures
  Terence (D:2)
  3 gnolls (D:2)
  An ooze (D:1)
  A worm (D:2)
  A leopard gecko (D:1)
  A ball python (D:2)
  3 giant cockroaches (D:1)
  7 goblins
  2 hobgoblins
  4 bats
  3 frilled lizards
  6 kobolds
  4 rats
37 creatures vanquished.

Notes
Turn   | Place    | Note
-------+----------+-------------------------------------------
     0 | D:1      | MirrMurr the Demonspawn Gladiator began the quest for the Orb.
     0 | D:1      | Reached XP level 1. HP: 16/16 MP: 1/1
   338 | D:1      | Gained mutation: Your flesh is heat resistant. (rF+) [demonic ancestry]
   338 | D:1      | Reached XP level 2. HP: 19/22 MP: 2/2
  1169 | D:2      | Noticed Terence
  1199 | D:2      | Killed Terence
  1199 | D:2      | Reached XP level 3. HP: 18/28 MP: 3/3
  2042 | D:2      | Gained mutation: When hurt, damage is shared between your health and your magic reserves. [demonic ancestry]
  2042 | D:2      | Reached XP level 4. HP: 2/34 MP: 4/4
  2047 | D:2      | HP: 1/34 [gnoll (2)]
  2547 | D:2      | Slain by a gnoll

Skill      XL: |  1  2 |
---------------+-------+-----
Long Blades    | 3 |  3.8
Dodging        | 3 |  3.2
Fighting       | |  2.9
Throwing       | |  1.7

Action                   |  1- 3 |  4- 6 || total
-------------------------+-------+-------++-------
Melee: Long sword        |    91 |    16 ||   107
Throw: Throwing net      |     2 |       ||     2
  Use: Scroll            |     4 |       ||     4
       Potion            |     1 |       ||     1
 Stab: Held in net/web   |     1 |       ||     1
  Eat: Chunk             |     4 |       ||     4
Armor: Leather armour    |    13 |       ||    13
       Scale mail        |    16 |     6 ||    22
Dodge: Dodged            |    73 |     7 ||    80
       Rpst.: Long sword |    26 |     3 ||    29
